[Event "Late-Titled-Tuesday-Blitz-March-19-2024"]
[Site "Chess.com"]
[Date "2024.03.19"]
[Round "7"]
[White "ChristopherYoo"]
[Black "Lukianoo"]
[Result "1-0"]
[WhiteElo "2964"]
[BlackElo "2848"]
[TimeControl "180+1"]
[EndTime "15:16:53 PDT"]
[Termination "ChristopherYoo won by resignation"]

1. e4 c6 2. d4 d5 3. e5 c5 4. Nf3 Bg4 5. dxc5 e6 6. c4 Nc6 7. cxd5 exd5 8. Nc3 d4 9. Ne4 Bxc5 10. Be2 Bb4+ 11. Bd2 Qd5 12. Bxb4 Qxe4 13. Bd6 Bxf3 14. gxf3 Qd5 15. Qb3 Qa5+ 16. Kf1 Qb6 17. Rg1 g6 18. Bc4 Nh6 19. Bxf7+ Nxf7 20. Qe6+ Kd8 21. Qxf7 Re8 22. e6 Ne7 23. Ba3 Rc8 24. Kg2 Rc6 25. Rge1 Qb5 26.
Rad1 Qg5+ 27. Kh1 Qd5 28. Qf4 Nf5 29. Re5 Qxa2 30. Rxf5 Qxe6 31. Qxd4+ Kc8 32. Rd5 b6 33. Rd8+ Rxd8 34. Qxd8+ Kb7 35. Qd7+ Ka6 36. Qxe6 Rxe6 37. Rd7 h5 38. h4 Rf6 39. Kg2 Rf4 40. Kg3 Rf6 41.
Rg7 Re6 42. f4 Rf6 43. Kf3 Kb5 44. Rxa7 Kc6 45. Re7 Kd5 46. Re5+ Kd4 47. Rg5 Rc6 48. f5 Rf6 49. Be7 Rf7 50. f6 b5 51. Kf4 Rh7 52. Rxg6 Kd5 53. Rg7 Rh8 54. f7 Ke6 55. f8=Q 1-0

[Event "Late-Titled-Tuesday-Blitz-March-19-2024"]
[Site "Chess.com"]
[Date "2024.03.19"]
[Round "7"]
[White "SpeedofLight0"]
[Black "jcibarra"]
[Result "0-1"]
[WhiteElo "3058"]
[BlackElo "2947"]
[TimeControl "180+1"]
[EndTime "15:16:54 PDT"]
[Termination "jcibarra won by checkmate"]

1. d4 Nf6 2. Nc3 d5 3. Bf4 c5 4. e3 cxd4 5. exd4 Bg4 6. Nf3 Nc6 7. Bb5 Rc8 8. h3 Bxf3 9. Qxf3 e6 10. O-O a6 11.
Bxc6+ Rxc6 12. Qd1 Qc8 13. Rc1 Be7 14. Ne2 O-O 15. c3 b5 16. Bg5 a5 17. Qd3 Qb7 18.
Rfe1 Rfc8 19. Ng3 b4 20. cxb4 Rxc1 21. Rxc1 Rxc1+ 22. Bxc1 axb4 23. Qb3 Qc6 24. Be3 h6 25. a4 bxa3 26. bxa3 Qc4 27. Qb8+ Bf8 28. Qa8 Nd7 29. Nh5 Nb6 30. Qa7 Nc8 31. Qa8 Nb6 32. Qd8 Qc6 33. Bd2 Qd6 34. Qh4 Qxa3 35. Qg4 Kh8 36. Bf4 Qa1+ 37.
Kh2 Qxd4 38. Qg3 Nc4 39. Qb3 Qb6 40. Qc3 e5 41. Be3 Qe6 42. Qb3 d4 43. Qb8 Qd6 44. Qc8 dxe3 45. Qxc4 exf2 46. Qxf7 e4+ 47. Ng3 e3 48. Qf3 Qc5 49. Ne4 Qe5+ 50. Ng3 Bd6 51. Kh1 Qxg3 52. Qa8+ Kh7 53. Qe4+ Qg6 54. Qf3 Qe6 55. Qe2 Qe5 56. Qd3+ Kh8 57. Qe4 f1=Q# 0-1

[Event "Late-Titled-Tuesday-Blitz-March-19-2024"]
[Site "Chess.com"]
[Date "2024.03.19"]
[Round "7"]
[White "Meri-Arabidze"]
[Black "ckgchess"]
[Result "0-1"]
[WhiteElo "2677"]
[BlackElo "2928"]
[TimeControl "180+1"]
[EndTime "15:16:55 PDT"]
[Termination "ckgchess won on time"]

1. d4 Nf6 2. c4 g6 3. g3 Bg7 4. Bg2 O-O 5. Nc3 d6 6. Nf3 Nbd7 7. O-O e5 8. e4 exd4 9. Nxd4 Re8 10. f3 a6 11. Be3 Rb8 12. a4 a5 13. Ndb5 Ne5 14.
b3 Nc6 15. Rc1 Nb4 16. Nd5 Nfxd5 17. cxd5 Re7 18. Ba7 Ra8 19. Bd4 Bxd4+ 20. Qxd4 Na6 21. Rc3 Bd7 22. h4 Bxb5 23. axb5 Nc5 24. h5 b6 25. f4 Qf8 26. e5 Qg7 27. Re3 Rae8 28. Rfe1 gxh5 29.
Kh2 Nd7 30. Qc3 dxe5 31. fxe5 Nxe5 32. Kg1 Nf3+ 33. Bxf3 Qxc3 34. Rxc3 Rxe1+ 35. Kf2 R1e7 36. Bxh5 Rd8 37. Bf3 Kg7 38. Rc4 Rd6 39. Rg4+ Rg6 40. Rc4 Rf6 41. g4 h6 42. Rc3 Kf8 43. Rc4 Ke8 44.
Rc3 Kd8 45. Kg3 Re5 46. Rd3 Re1 47. Kf2 Rc1 48. Kg2 Rc5 49. Re3 Rxb5 50. Kg3 Rc5 51.
Rd3 Rc1 52. Re3 Ra1 0-1

[Event "Late-Titled-Tuesday-Blitz-March-19-2024"]
[Site "Chess.com"]
[Date "2024.03.19"]
[Round "7"]
[White "Mikhail_Golubev"]
[Black "vladislavkovalev"]
[Result "1/2-1/2"]
[WhiteElo "2738"]
[BlackElo "2878"]
[TimeControl "180+1"]
[EndTime "15:16:56 PDT"]
[Termination "Game drawn by repetition"]

1. e4 e5 2. Nf3 Nc6 3. Bc4 Nf6 4. Ng5 d5 5. exd5 Na5 6. Bb5+ c6 7. dxc6 bxc6 8.
Bd3 Nd5 9. Nf3 Bd6 10. O-O O-O 11. Re1 Re8 12. Nc3 f5 13. Nxd5 cxd5 14. Bb5 Bd7 15.
Bxd7 Qxd7 16. d4 e4 17. Ne5 Bxe5 18. dxe5 Nc6 19. Bf4 d4 20. Qd2 Nxe5 21. Bxe5 Rxe5 22. Rad1 Rd8 23. Qf4 Ree8 24. f3 Qd5 25. fxe4 fxe4 26.
c3 d3 27. b3 e3 28. Rxe3 Qc5 29. Qc4+ Qxc4 30. Rxe8+ Rxe8 31. bxc4 Re2 32. Rxd3 Rxa2 33. c5 Ra5 34. c6 Rc5 35. Rd8+ Kf7 36. Rd7+ Kf6 37.
Rxa7 Rxc6 38. Ra3 Kf5 39. Kf2 h5 40. Ke3 Re6+ 41. Kf3 Rc6 42. h4 Kf6 43. g3 g5 44.
Ke3 gxh4 45. gxh4 Rc4 46. Kf3 Rxh4 47. Ra6+ Ke7 48. Ra7+ Kd6 49. Ra6+ Kc5 50. Ra5+ Kb6 51. Rg5 Rc4 52. Rxh5 Rxc3+ 53. Kg4 Rc4+ 54. Kg3 Rc3+ 55.
Kg4 Rc4+ 56. Kg3 Rc3+ 57. Kg4 1/2-1/2

[Event "Late-Titled-Tuesday-Blitz-March-19-2024"]
[Site "Chess.com"]
[Date "2024.03.19"]
[Round "7"]
[White "mac0504"]
[Black "albi1999"]
[Result "0-1"]
[WhiteElo "2708"]
[BlackElo "2613"]
[TimeControl "180+1"]
[EndTime "15:16:56 PDT"]
[Termination "albi1999 won on time"]

1. c4 Nf6 2. Nc3 e6 3. e4 c5 4. e5 Ng8 5. Nf3 Nc6 6. g3 d6 7. exd6 Bxd6 8. Bg2 e5 9. O-O Nf6 10. d3 h6 11. Re1 O-O 12. h3 Re8 13. a3 Be6 14. Rb1 Qd7 15. Kh2 Rad8 16. Be3 Bf8 17. Bf1 Bf5 18. Qb3 Nd4 19. Bxd4 exd4 20. Ne2 Bd6 21.
Neg1 g5 22. Rxe8+ Rxe8 23. Re1 Rxe1 24. Nxe1 h5 25. Bg2 b6 26. Nef3 h4 27. Nxg5 Qe7 28. Qd1 hxg3+ 29. fxg3 Qe3 30. N5f3 Nh5 31. Ne2 Bxd3 32.
Nf4 Nxf4 33. gxf4 Be2 34. Qg1 Bxf4+ 35. Kh1 Bxf3 36. Bxf3+ Kf8 37. Qxe3 Bxe3 38. Be4 Bc1 39. a4 Bxb2 40. Kg2 Ke7 41. Kf3 Kf6 42. Kg4 Ke5 43.
Bd3 Bc1 44. h4 Bd2 45. h5 Bh6 46. Bf5 d3 47. Bxd3 Kd4 48. Bf1 Kc3 49. Kf5 Kb4 50. Kf6 Kxa4 51. Kxf7 Kb3 52. Kg6 Bd2 53. h6 a5 54. h7 Bc3 0-1

[Event "Late-Titled-Tuesday-Blitz-March-19-2024"]
[Site "Chess.com"]
[Date "2024.03.19"]
[Round "7"]
[White "CuteSheepCloud"]
[Black "krzyzan94"]
[Result "0-1"]
[WhiteElo "2649"]
[BlackElo "2794"]
[TimeControl "180+1"]
[EndTime "15:17:01 PDT"]
[Termination "krzyzan94 won by resignation"]

1. e4 c6 2. d4 d5 3. Nc3 dxe4 4. Nxe4 Nf6 5. Nxf6+ exf6 6. c3 Bd6 7. Bd3 O-O 8.
Qc2 Re8+ 9. Ne2 h5 10. O-O h4 11.
Be3 Nd7 12. h3 Nf8 13. Rfe1 Be6 14. c4 Bc7 15. Rad1 g5 16. d5 Qd6 17. Bf4 gxf4 18.
dxe6 Qxe6 19. Qc1 Rad8 20. Nd4 Qc8 21. Bf5 Qb8 22. Nf3 Ng6 23. Qc2 Kg7 24. Bxg6 fxg6 25. Nxh4 f5 26. Nf3 Rxd1 27. Rxd1 Be5 28. Rd7+ Kf6 29.
c5 Re7 30. Rd1 Qe8 31. b4 g5 32. a4 g4 33. hxg4 fxg4 34. Nh2 Qh5 35. f3 Bd4+ 36. Rxd4 Re1+ 37. Nf1 Rxf1+ 38. Kxf1 Qh1+ 39. Kf2 g3+ 40. Ke2 Qxg2+ 41. Kd3 Qxf3+ 42. Kc4 g2 43. Rd6+ Ke7 44. Qd2 Qe4+ 45. Kb3 g1=Q 46. Rd7+ Kf6 47. Rd6+ Kf5 48. Rd3 Qxd3+ 49. Qxd3+ Ke5 50. Qd6+ Ke4 51. Qe6+ Kf3 52. Qh3+ Qg3 53. Qf1+ Ke4+ 54. Kc4 Ke5 55. b5 f3 56. Qd3 Qf4+ 57. Kc3 f2 58. Qe2+ Kf6 59.
Qf1 Qe3+ 60. Kc4 Qe1 61. bxc6 Qxf1+ 0-1

[Event "Late-Titled-Tuesday-Blitz-March-19-2024"]
[Site "Chess.com"]
[Date "2024.03.19"]
[Round "7"]
[White "Seochesspie"]
[Black "DFeco"]
[Result "1-0"]
[WhiteElo "2863"]
[BlackElo "2470"]
[TimeControl "180+1"]
[EndTime "15:17:01 PDT"]
[Termination "Seochesspie won by resignation"]

1. c4 c5 2. Nf3 Nc6 3. Nc3 Nf6 4. e3 e5 5. d4 e4 6. Ne5 d5 7. cxd5 Nxd5 8. Bb5 Nxc3 9. bxc3 Bd7 10. Bxc6 Bxc6 11. Nxc6 bxc6 12. O-O Be7 13. Qg4 O-O 14.
Qxe4 cxd4 15. cxd4 c5 16. Bb2 cxd4 17. Bxd4 Bf6 18.
Rad1 Bxd4 19. Rxd4 Qa5 20. Ra4 Qc5 21. h4 a5 22. Rd1 Rad8 23. Rxd8 Rxd8 24. Rd4 Rc8 25. g4 h5 26. g5 g6 27. Kg2 Qc6 28. Qxc6 Rxc6 29. Rd5 Ra6 30. a4 Kf8 31. f4 Ke7 32. Kf3 Ke6 33. Ke4 Ra7 34. Rb5 Ra6 35. Rc5 Ra7 36.
Rc6+ Kd7 37. Rf6 Ke7 38. Rb6 Rc7 39. Kd4 Rd7+ 40. Kc3 Rc7+ 41. Kd3 Rd7+ 42. Ke2 Rd5 43. Ra6 Kd7 44. Kf3 Rc5 45. Kf2 Ke7 46. Ke2 Rd5 47. Ra8 Ke6 48. Re8+ Kd7 49. Re4 Rc5 50. Kd2 Kd6 51.
Rd4+ Ke6 52. Re4+ Kd6 53. Rd4+ Ke6 54. e4 Ke7 55. Kd3 Rc1 56. Rd5 Rd1+ 57. Kc4 Rf1 58. f5 Rf4 59. f6+ Ke6 60. Kd4 Rxh4 61. Rxa5 Rg4 62.
Ra6+ Kd7 63. Ra7+ Ke6 64. Re7+ Kd6 65. Rxf7 Rxg5 66. e5+ Rxe5 67. Rd7+ Kxd7 68. Kxe5 h4 69. Kf4 Ke6 70. a5 Kxf6 71. a6 g5+ 72. Kg4 Ke5 73. a7 1-0

[Event "Late-Titled-Tuesday-Blitz-March-19-2024"]
[Site "Chess.com"]
[Date "2024.03.19"]
[Round "7"]
[White "masnyszachistaaa"]
[Black "ChessSwole"]
[Result "1-0"]
[WhiteElo "2574"]
[BlackElo "2683"]
[TimeControl "180+1"]
[EndTime "15:17:02 PDT"]
[Termination "masnyszachistaaa won on time"]

1. d4 d5 2. Nf3 Nf6 3. Bf4 c5 4.
e3 Nc6 5. c3 Qb6 6. Qb3 c4 7. Qc2 Bf5 8. Qc1 e6 9. Nbd2 Be7 10. h3 O-O 11. Be2 Qd8 12. b3 b5 13.
a4 a6 14. O-O h6 15. b4 bxa4 16. Rxa4 a5 17. b5 Na7 18. Qb2 Qb6 19. Rfa1 Nxb5 20. Nxc4 dxc4 21. Bxc4 Rfb8 22. Bxb8 Rxb8 23. Rxa5 Nd6 24.
Qxb6 Rxb6 25. Bf1 Rc6 26. Rc1 Nc4 27. Ra4 Nb2 28. Ra8+ Kh7 29. Ne5 Rc7 30. Nxf7 Ne4 31. c4 Bf6 32. Nd8 Nd2 33. c5 e5 34. d5 Nxf1 35.
Kxf1 Nd3 36. Rc3 Rxc5 37. Rxc5 Nxc5 38. Nc6 Be4 39. Nb4 Be7 40. f3 Bg6 41. e4 Nxe4 42.
Nc6 Ng3+ 43. Kf2 Bh4 44. Nxe5 Nf5+ 45. Kg1 Bf6 46. Nxg6 Kxg6 47. Kf2 Bd4+ 48. Ke2 Kf6 49. Kd3 Be5 50. Ra6+ Kf7 51. Ke4 Nh4 52. Kxe5 Nxg2 53. Ra7+ Kg6 54. d6 Ne3 55. d7 Nc4+ 56. Kd4 Nd6 57. Ra6 1-0

[Event "Late-Titled-Tuesday-Blitz-March-19-2024"]
[Site "Chess.com"]
[Date "2024.03.19"]
[Round "7"]
[White "TregubovP"]
[Black "alexrustemov"]
[Result "1-0"]
[WhiteElo "2691"]
[BlackElo "2852"]
[TimeControl "180+1"]
[EndTime "15:17:03 PDT"]
[Termination "TregubovP won on time"]

1. e4 e6 2. d4 d5 3. e5 c5 4. c3 Qb6 5. Nf3 Bd7 6. Be2 Bb5 7.
dxc5 Bxc5 8. b4 Bxe2 9. Qxe2 Be7 10. O-O Nc6 11. a4 a6 12. Na3 h5 13. a5 Qc7 14.
Nc2 Nh6 15. Ncd4 Rc8 16. Bd2 g6 17. b5 axb5 18. Nxb5 Qd7 19. Bg5 Kf8 20. Bxe7+ Qxe7 21. Nd6 Rc7 22. Rfb1 Kg7 23. Rb6 Ra8 24. Qb5 Nf5 25.
Nxb7 Na7 26. Qb4 Qd7 27. Nd6 Nc6 28. Nxf5+ gxf5 29. Qh4 Ne7 30. Qxh5 Ng6 31. Qg5 Qe7 32. Qe3 Rac8 33. Rb3 f4 34. Qd2 Qc5 35. a6 Ra8 36. Rba3 Rca7 37. h4 Qc4 38. h5 Ne7 39. Ra4 Qc7 40.
Qxf4 Ng8 41. Qg5+ Kh7 42. h6 f6 43. exf6 Qf7 44. Rf4 Qg6 45. Qxg6+ Kxg6 46. Ne5+ Kxh6 47. g4 Kh7 48. g5 Nxf6 49. gxf6 Kh6 50. Rg4 Rxa6 51.
Rxa6 Rxa6 52. f7 Ra8 53. Rg8 Ra1+ 54. Kg2 Kh7 55. f8=Q Rg1+ 56. Kxg1 1-0

[Event "Late-Titled-Tuesday-Blitz-March-19-2024"]
[Site "Chess.com"]
[Date "2024.03.19"]
[Round "7"]
[White "Crazy_girl99"]
[Black "Kombinator01"]
[Result "1/2-1/2"]
[WhiteElo "2581"]
[BlackElo "2434"]
[TimeControl "180+1"]
[EndTime "15:17:03 PDT"]
[Termination "Game drawn by repetition"]

1. e4 c5 2. Nf3 Nc6 3. Bb5 Qb6 4. a4 a6 5. Bc4 e6 6. Nc3 d6 7. O-O Nf6 8. Re1 Be7 9. d3 O-O 10. Bg5 h6 11. Bh4 Qxb2 12. Qd2 Qb6 13. e5 Nxe5 14.
Nxe5 dxe5 15. Rxe5 Qc7 16. Rae1 Ng4 17. Bxe7 Nxe5 18.
Bxf8 Nxc4 19. dxc4 Kxf8 20. Rd1 b6 21. Qd3 Kg8 22.
h3 Bb7 23. Qd6 Qc6 24. Qg3 Re8 25. Re1 Qd7 26. Rd1 Qe7 27. Rb1 Qd8 28. a5 b5 29.
cxb5 axb5 30. Rxb5 Ba8 31. Rxc5 Qd4 32. Rc7 e5 33.
Qe3 Qd6 34. Qb6 Qd2 35. Qe3 Qxc2 36. a6 Qg6 37. f3 Qxa6 38. Kh2 Qe6 39. Ra7 h5 40.
Qg5 g6 41. Rc7 e4 42. fxe4 Bxe4 43. Qf4 Bf5 44. Nb5 Qe5 45. Qxe5 Rxe5 46. Nd6 Kg7 47. Rxf7+ Kh6 48. Rc7 Be6 49. Re7 Re2 50. Nf7+ Kg7 51. Nd8+ Kf6 52. Rxe6+ Rxe6 53. Nxe6 Kxe6 54. Kg3 Kf5 55.
Kf3 h4 56. g3 g5 57. gxh4 gxh4 58. Ke3 Ke5 59. Kf3 Kf5 60. Ke3 Ke5 61. Kf3 Kf5 1/2-1/2

[Event "Late-Titled-Tuesday-Blitz-March-19-2024"]
[Site "Chess.com"]
[Date "2024.03.19"]
[Round "7"]
[White "GMBenjaminBok"]
[Black "AradNazari"]
[Result "1-0"]
[WhiteElo "2964"]
[BlackElo "2760"]
[TimeControl "180+1"]
[EndTime "15:17:04 PDT"]
[Termination "GMBenjaminBok won on time"]

1. d4 Nf6 2. c4 g6 3. g3 c6 4. Nf3 Bg7 5. Bg2 O-O 6. O-O d5 7. b3 a5 8. Nc3 Bf5 9. Bb2 Ne4 10. e3 Nxc3 11. Bxc3 Be4 12. Qe2 a4 13. Rfc1 Qb6 14.
b4 Nd7 15. Bf1 dxc4 16. Nd2 Bd3 17. Nxc4 Bxe2 18. Nxb6 Nxb6 19. Bxe2 Nd5 20. Be1 e5 21.
dxe5 Bxe5 22. Rab1 a3 23. b5 Bb2 24. Rc5 Rfc8 25.
bxc6 bxc6 26. Bf3 Ne7 27. Kg2 Rab8 28. Rc2 Nd5 29. Rd1 Bf6 30. Rd3 Be7 31. Bc3 Nxc3 32. Rdxc3 c5 33. Rxa3 Bf6 34. Ra7 Be5 35. Bd5 Rc7 36.
Rxc7 Bxc7 37. Rxc5 Bd6 38. Rc6 Rd8 39. e4 Kg7 40. a4 Rd7 41. a5 Be5 42. a6 Bd4 43. Rc4 Ba7 44. Rb4 f5 45. Be6 Rd6 46. Rb7+ Kf6 47.
Rxa7 Rxe6 48. exf5 Kxf5 49. Rf7+ Kg5 50. a7 Ra6 51.
Rxh7 Kg4 52. Rg7 g5 53. h4 Rg6 54. Rxg6 1-0

[Event "Late-Titled-Tuesday-Blitz-March-19-2024"]
[Site "Chess.com"]
[Date "2024.03.19"]
[Round "7"]
[White "M1711"]
[Black "Byniolus"]
[Result "1/2-1/2"]
[WhiteElo "2657"]
[BlackElo "2782"]
[TimeControl "180+1"]
[EndTime "15:17:07 PDT"]
[Termination "Game drawn by stalemate"]

1. e4 d6 2. d4 Nf6 3. Nc3 c6 4. f4 Qb6 5. Nf3 Bg4 6. e5 Nd5 7.
Nxd5 cxd5 8. c3 e6 9. h3 Bf5 10. Bd3 g6 11. O-O Nc6 12. b4 Be7 13. Kh2 Qc7 14.
Be3 O-O-O 15. a4 Kb8 16. a5 Rc8 17. Bxf5 gxf5 18. Qa4 Nd8 19. Rfc1 Rg8 20. b5 Qc4 21. Qxc4 Rxc4 22. Bd2 a6 23. bxa6 bxa6 24. Rab1+ Ka7 25.
Rb6 Nc6 26. Rcb1 Rb8 27. exd6 Bxd6 28. Ng5 Nxa5 29. Rxb8 Bxb8 30. Nxh7 Rc8 31. Ng5 Nc4 32. Bc1 Nd6 33. Rb3 Ne4 34. Nxf7 Nxc3 35. Ba3 Bxf4+ 36.
g3 Bd2 37. Bc5+ Ka8 38. h4 Ne4 39. h5 Rc7 40. Ne5 f4 41. g4 Be3 42. Kg2 Nxc5 43. dxc5 Bxc5 44. h6 Bd6 45. Nf3 e5 46. g5 e4 47. g6 exf3+ 48. Kxf3 Bf8 49. g7 Bxg7 50. hxg7 Rxg7 51. Kxf4 Rd7 52. Ke5 d4 53. Rd3 Ka7 54.
Rxd4 Re7+ 55. Kd6 Re1 56. Kc5 Rb1 57. Rd7+ Rb7 58. Rxb7+ Kxb7 59. Kb4 Kb6 60. Ka3 a5 61. Ka2 Kb5 62. Ka1 a4 63. Kb1 Kb4 64. Ka1 a3 65.
Kb1 Kb3 66. Ka1 a2 1/2-1/2

[Event "Late-Titled-Tuesday-Blitz-March-19-2024"]
[Site "Chess.com"]
[Date "2024.03.19"]
[Round "7"]
[White "Szparu"]
[Black "Leo_C"]
[Result "1/2-1/2"]
[WhiteElo "2793"]
[BlackElo "2659"]
[TimeControl "180+1"]
[EndTime "15:17:08 PDT"]
[Termination "Game drawn by repetition"]

1. e4 c5 2. Nf3 d6 3. d4 cxd4 4. Nxd4 Nf6 5. Nc3 a6 6. Be2 e5 7. Nb3 Be7 8. O-O O-O 9. Be3 Be6 10. Qd2 Nbd7 11. Rad1 Rc8 12. f3 b5 13. a3 Nb6 14.
Kh1 Qc7 15. Bd3 Rfd8 16. Qf2 Rb8 17. Nd2 d5 18. exd5 Nbxd5 19. Nxd5 Nxd5 20. Ne4 Nxe3 21. Qxe3 h6 22. Ng3 Bg5 23. Qe4 g6 24. Qe2 Re8 25. Ne4 Be7 26. Nd2 f5 27. c4 b4 28. a4 Bf6 29. b3 a5 30. Bb1 Rbd8 31. Rfe1 Bf7 32. Nf1 Rd4 33. Ne3 Red8 34. Rxd4 Rxd4 35. Nd5 Bxd5 36. cxd5 Rxd5 37. Bd3 Kg7 38. Bc4 Rd4 39.
Rd1 Qd6 40. Rxd4 Qxd4 41. Qd3 Qa1+ 42. Qf1 Qc3 43. Qd1 h5 44. Kg1 e4 45. Kf1 exf3 46.
Qxf3 Qe5 47. g3 h4 48. Qb7+ Kh6 49. Qf3 g5 50. Bd3 f4 51. gxh4 Qa1+ 52. Kg2 Qb2+ 53. Kh3 Qe5 54. hxg5+ Qxg5 55. Qe4 Qh5+ 56. Kg2 Qg4+ 57.
Kf1 Qh3+ 58. Ke2 Qxh2+ 59. Kd1 Qg1+ 60. Ke2 Qh2+ 61. Kf1 Qh3+ 62. Ke2 Qh2+ 1/2-1/2

[Event "Late-Titled-Tuesday-Blitz-March-19-2024"]
[Site "Chess.com"]
[Date "2024.03.19"]
[Round "7"]
[White "prochn"]
[Black "azikom"]
[Result "1-0"]
[WhiteElo "2498"]
[BlackElo "2585"]
[TimeControl "180+1"]
[EndTime "15:17:10 PDT"]
[Termination "prochn won on time"]

1. d4 Nf6 2. c4 e6 3. g3 c5 4. d5 exd5 5. cxd5 b5 6. e4 Nxe4 7. Bg2 Nd6 8. Nf3 Be7 9. O-O O-O 10. Re1 Na6 11. Nc3 b4 12. Ne4 Nxe4 13. Rxe4 d6 14. h4 Bf6 15. Bg5 h6 16. Qd2 hxg5 17. hxg5 Bf5 18. Rh4 Bd4 19. Nxd4 cxd4 20. Qe2 Qxg5 21.
Qxa6 Qg6 22. Rxd4 Rfe8 23. Rxb4 Bd3 24. Qa3 Rac8 25. Rd4 Be4 26. Re1 Bxg2 27. Rxe8+ Rxe8 28. Kxg2 Qc2 29. Rf4 g5 30. Rf6 Re2 31. Qxa7 Qe4+ 32.
Rf3 Qxd5 33. Qa6 Rd2 34. Qc8+ Kg7 35. Qf5 Qxf5 36. Rxf5 Kg6 37. Rb5 d5 38. a4 d4 39.
a5 Rd1 40. a6 Ra1 41. Rb6+ Kf5 42. Kf3 g4+ 43. Ke2 Ke4 44. b4 Ra2+ 45. Kf1 d3 46. Rd6 Ra1+ 47. Kg2 Ra2 48. b5 d2 49. Rxd2 Rxd2 50.
a7 Ra2 51. b6 1-0

[Event "Late-Titled-Tuesday-Blitz-March-19-2024"]
[Site "Chess.com"]
[Date "2024.03.19"]
[Round "7"]
[White "DanielNaroditsky"]
[Black "MagnusCarlsen"]
[Result "1-0"]
[WhiteElo "3182"]
[BlackElo "3255"]
[TimeControl "180+1"]
[EndTime "15:17:12 PDT"]
[Termination "DanielNaroditsky won on time"]

1. e4 c5 2. c3 e5 3. Nf3 Nc6 4.
Bc4 Nf6 5. Ng5 d5 6. exd5 Nxd5 7.
d4 cxd4 8. Qf3 Be6 9. Nxe6 fxe6 10. O-O Bc5 11. Nd2 Qd7 12. Ne4 Bb6 13. Qh5+ Kd8 14. Bb5 Qe8 15. Qg5+ Kc7 16. c4 Qg6 17. cxd5 exd5 18.
Qxg6 hxg6 19. Ng5 Rae8 20. Bd2 a6 21. Ba4 Rhf8 22. g3 d3 23. Rac1 Kd6 24. Kg2 e4 25.
Bf4+ Rxf4 26. gxf4 Rf8 27. Nh3 Nd4 28. Bd1 Ne6 29. Kg3 Ba5 30. Bg4 Bd2 31. Rcd1 Bxf4+ 32. Nxf4 Nxf4 33. Rd2 d4 34. Re1 Kd5 35. h4 a5 36.
a4 Rf6 37. Bc8 Nh5+ 38. Kg2 Nf4+ 39. Kg1 Rb6 40. Bg4 Rb4 41. Bd1 b5 42. Kh2 bxa4 43. Kg3 Ke5 44. Bf3 Nh5+ 45. Kg2 Nf4+ 46. Kg3 Nh5+ 47.
Kh2 Nf6 48. Bxe4 Nxe4 49. f3 Kf4 50. fxe4 Ke5 51. Kg3 Rb3 52. Kf3 a3 53. bxa3 Rxa3 54.
Red1 Rc3 55. Rxd3 Rc4 56. Rb1 Rc5 57. Rb8 a4 58. Re8+ 1-0

[Event "Late-Titled-Tuesday-Blitz-March-19-2024"]
[Site "Chess.com"]
[Date "2024.03.19"]
[Round "7"]
[White "Arlo2024"]
[Black "miraitrunks"]
[Result "1-0"]
[WhiteElo "2309"]
[BlackElo "2168"]
[TimeControl "180+1"]
[EndTime "15:17:12 PDT"]
[Termination "Arlo2024 won by resignation"]

1. e4 c5 2. Nc3 d6 3. g3 g6 4.
Bg2 e5 5. d3 Bg7 6. f4 Ne7 7. Nf3 O-O 8. O-O Nbc6 9. Be3 Be6 10. fxe5 Nxe5 11. Nxe5 Bxe5 12. Bh6 Re8 13. Qd2 d5 14.
Bg5 d4 15. Ne2 Qd7 16. Bf6 Nc6 17. Qh6 Bxf6 18. Rxf6 Ne5 19. h3 Rac8 20. b3 Rc6 21. a4 Qe7 22. Raf1 Bxh3 23. Rxc6 Bxg2 24. Kxg2 bxc6 25.
Nf4 Ng4 26. Qh3 Ne3+ 27. Kg1 Nxf1 28. Qxf1 Qf6 29. Qh3 Re5 30. Qc8+ Kg7 31. Kg2 Rg5 32. Nh3 Rh5 33. Nf4 Rg5 34. Nh3 Rh5 35. Nf4 Rh6 36.
Qd7 g5 37. Qg4 Kf8 38. Qc8+ Kg7 39. Qg4 Kf8 40. Nh3 Qg6 41. Qc8+ Kg7 42. Nf2 g4 43. Nxg4 Rh5 44. Nf2 Rg5 45. Qc7 h5 46.
Qf4 h4 47. Qxh4 Rh5 48. Qf4 Rg5 49. Nh3 Rh5 50. Qf3 Re5 51. Nf4 Rg5 52. Nxg6 fxg6 53. e5 Rxe5 54. Qxc6 Re2+ 55. Kf3 Rxc2 56. Kf4 Rc3 57.
Qc7+ Kf6 58. Ke4 Rxb3 59. Qd6+ Kg5 60. Qxc5+ 1-0

[Event "Late-Titled-Tuesday-Blitz-March-19-2024"]
[Site "Chess.com"]
[Date "2024.03.19"]
[Round "7"]
[White "hell3raiser"]
[Black "Quattroporte300"]
[Result "0-1"]
[WhiteElo "2339"]
[BlackElo "2501"]
[TimeControl "180+1"]
[EndTime "15:17:18 PDT"]
[Termination "Quattroporte300 won by resignation"]

1. e4 c5 2. b3 Nc6 3. Bb2 e5 4. Bc4 d6 5. Nc3 g6 6. Nge2 Bg7 7. O-O Nge7 8. a4 O-O 9. d3 Na5 10. f4 Nxc4 11. dxc4 f5 12. Rb1 a6 13. Kh1 Be6 14.
Ng3 exf4 15. Rxf4 Be5 16. Rf3 f4 17. Nge2 Bg4 18. Rf1 g5 19. Nd5 Nc6 20. Qd2 Rc8 21.
h3 Bh5 22. Ng1 Nd4 23. Bxd4 Bxd4 24. Nf3 Be5 25. Qf2 Bg6 26. Nxe5 dxe5 27. Rbd1 Qe8 28.
Rfe1 h5 29. Qf3 Qe6 30. Qf2 Kg7 31. Rd2 g4 32. Qh4 f3 33. gxf3 Rxf3 34. Qe7+ Qxe7 35. Nxe7 Rxh3+ 36. Kg2 Rf8 37. Nxg6 Kxg6 38. Rd6+ Rf6 39.
Rd5 Rc3 40. Re2 h4 41. Rxe5 h3+ 42. Kh2 b6 43. Re8 Kf7 44. Ra8 a5 45. e5 Re6 46.
Ra7+ Kg6 47. Ra8 Rf3 48. Rg8+ Kh5 49. Rh8+ Kg5 50. Rg8+ Kh5 51. Rh8+ Rh6 52. Rxh6+ Kxh6 53. e6 Rf8 54. e7 Re8 55. Kg3 Kg5 56. Re6 Kf5 57. Re1 Kf6 58. Kxg4 Rxe7 59. Rxe7 Kxe7 60. Kxh3 Kf6 61. Kg3 Ke5 62. c3 Ke4 63. Kg4 Kd3 64.
Kf5 Kxc3 65. Ke5 Kxb3 66. Kd5 Kxa4 0-1

[Event "Late-Titled-Tuesday-Blitz-March-19-2024"]
[Site "Chess.com"]
[Date "2024.03.19"]
[Round "7"]
[White "teresin05"]
[Black "Sacbutt"]
[Result "1-0"]
[WhiteElo "2211"]
[BlackElo "2309"]
[TimeControl "180+1"]
[EndTime "15:17:19 PDT"]
[Termination "teresin05 won on time"]

1. e4 b6 2. d4 Bb7 3. f3 e6 4.
Bd3 c5 5. c3 Nc6 6. Be3 cxd4 7.
cxd4 Nb4 8. a3 Nxd3+ 9. Qxd3 h5 10. Ne2 h4 11. O-O Ne7 12. Nbc3 h3 13. g3 f5 14. Nb5 Nc6 15. exf5 a6 16. fxe6 dxe6 17. Qg6+ Kd7 18. Nbc3 Qf6 19. Qxf6 gxf6 20. d5 Ne5 21. dxe6+ Kxe6 22. Bxb6 Nxf3+ 23. Rxf3 Bxf3 24. Nd4+ Kd7 25. Nxf3 Rb8 26. Bd4 Rxb2 27. Bxf6 Rg8 28. Ra2 Rxa2 29. Nxa2 Bxa3 30. Bd4 Rb8 31. Nc3 Bb2 32. Ne5+ Ke6 33. Nd3 Bxc3 34. Bxc3 Rb1+ 35. Kf2 Rh1 36. Nf4+ Kf5 37.
Kf3 Rxh2 38. g4+ Kg5 39. Kg3 Rc2 40. Nxh3+ Kh6 41. Be1 a5 42. Bxa5 Ra2 43. Be1 Ra3+ 44. Kg2 Ra4 45. g5+ Kg6 46. Bg3 Ra2+ 47. Kf3 Ra3+ 48. Kg4 Ra4+ 49. Bf4 Rb4 50. Nf2 Rb3 51. Ne4 Ra3 52. Nd6 Ra4 53. Nf5 Rb4 54. Nh4+ Kg7 55.
g6 Ra4 56. Kf5 Ra5+ 57. Be5+ Kg8 58. Nf3 Ra2 59. Ng5 Rf2+ 60. Ke6 Rg2 61. Kf5 Rf2+ 62. Bf4 Kg7 63. Ne6+ Kg8 64. Kf6 Kh8 65. Kf7 1-0

[Event "Late-Titled-Tuesday-Blitz-March-19-2024"]
[Site "Chess.com"]
[Date "2024.03.19"]
[Round "7"]
[White "stepanosinovsky"]
[Black "xakevicius91"]
[Result "1/2-1/2"]
[WhiteElo "2351"]
[BlackElo "2560"]
[TimeControl "180+1"]
[EndTime "15:17:22 PDT"]
[Termination "Game drawn by stalemate"]

1. e4 c5 2. Nf3 a6 3. g3 Nc6 4. Bg2 d6 5. O-O g6 6. Re1 Bg7 7. a4 e5 8. c3 Nge7 9. Na3 O-O 10. Nc2 h6 11. d4 cxd4 12. cxd4 Bg4 13. d5 Nd4 14.
Ncxd4 exd4 15. h3 Bxf3 16. Qxf3 Rc8 17. h4 Qb6 18. Bh3 Rc2 19. Qd3 Qc7 20. Rb1 Re8 21. Bd2 Qc4 22. Qxc4 Rxc4 23. Red1 f5 24. b3 Rc2 25. f3 Be5 26. Kg2 fxe4 27. fxe4 Kg7 28.
Rbc1 d3 29. Be6 Rf8 30. Rxc2 dxc2 31. Rc1 Bd4 32. Be1 g5 33. h5 Bb6 34. Rxc2 Kh7 35.
a5 Bd8 36. Bc3 Ng8 37. Rf2 Rxf2+ 38. Kxf2 Nf6 39. Bf5+ Kg7 40. g4 Kf7 41. b4 Ke7 42. Ke3 b6 43. axb6 Bxb6+ 44. Kd3 a5 45. bxa5 Ba7 46.
a6 Nd7 47. Kc4 Nc5 48. Kb5 Bb8 49. Bb4 Ba7 50. e5 Nb3 51. exd6+ Kd8 52. Ba5+ Ke8 53. Bc7 Kf7 54. d7 Nd4+ 55. Kc4 Nc6 56. Be6+ Ke7 57. dxc6 Kxe6 58. d8=Q Bb6 59. Qd7+ Kf6 60. Bxb6 Ke5 61. Bc7+ Ke4 62. Qd4+ Kf3 63. Qd5+ Kf2 64. Qe6 Kf3 65.
Qf5+ Kg2 66. Qg6 Kh3 67. Qxh6 Kxg4 68. Qxg5+ Kh3 69. h6 1/2-1/2